 Dungeon Crawl Stone Soup version 0.28-a0-586-gbdb9d174a4 (webtiles) character file.

Game seed: 10396409453151586357

225 KristoblXynda the Slasher (level 5, -5/46 HPs)
             Began as a Draconian Gladiator on Oct 3, 2021.
             Was an Initiate of Yredelemnul.
             Slain by mrsnowman's ghost (13 damage)
             ... on level 3 of the Dungeon.
             The game lasted 00:02:52 (3340 turns).

KristoblXynda the Slasher (Draconian Gladiator)     Turns: 3340, Time: 00:02:54

Health: -5/46      AC:  6    Str: 17    XL:     5   Next: 68%
Magic:  5/5        EV: 13    Int:  9    God:    Yredelemnul [......]
Gold:   159        SH:  0    Dex: 12    Spells: 4/4 levels left

rFire   . . .      SeeInvis .   a - +0 long sword
rCold   . . .      Faith    .   (no shield)
rNeg    . . .      Spirit   .   (armour unavailable)
rPois   .          Reflect  .   b - +0 hat
rElec   .          Harm     .   (no cloak)
rCorr   .          Rampage  .   d - +0 pair of gloves
Will    +....                   (no boots)
Stlth   +.........              (no amulet)
HPRegen 0.15/turn               m - ring of willpower
MPRegen 0.09/turn               (no ring)

@: no status effects
A: AC +5, unfitting armour, cold-blooded
a: Renounce Religion


You were on level 3 of the Dungeon.
You worshipped Yredelemnul.
Yredelemnul was noncommittal.
You visited 1 branch of the dungeon, and saw 3 of its levels.

You collected 159 gold pieces.

Inventory:

Hand Weapons
 a - a +0 long sword (weapon)
Missiles
 c - 3 throwing nets (quivered)
Armour
 b - a +0 hat (worn)
 d - a +0 pair of gloves (worn)
 p - a +0 kite shield
Jewellery
 m - a ring of willpower (left hand)
Scrolls
 g - 3 scrolls of teleportation
 h - a scroll of amnesia {unknown}
 j - a scroll of blinking {unknown}
 k - a scroll of silence {unknown}
 l - a scroll of identify {unknown}
 q - a scroll of enchant armour {unknown}
Potions
 f - 2 potions of mutation {unknown}
 i - a potion of brilliance {unknown}
 n - a potion of curing {unknown}
 o - 3 potions of heal wounds {unknown}


   Skills:
 + Level 3.7 Fighting
 * Level 4.9 Long Blades
 - Level 2.0 Throwing
 + Level 3.7 Dodging


You had 4 spell levels left.
You didn't know any spells.
Your spell library was empty.

Dungeon Overview and Level Annotations

Branches:
Dungeon (3/15)

Altars:
Yredelemnul

Annotations:
D:3 2 transporters, TimeIsEndless's ghost, amateur OgAM; mrsnowman's ghost, amateur DsFi


Innate Abilities, Weirdness & Mutations

Your plain brown scales are hard. (AC +5)
You cannot fit into any form of body armour.
You are cold-blooded and may be slowed by cold attacks.


Message History

Mrsnowman's ghost hits you but does no damage.
You hit mrsnowman's ghost but do no damage.
Your tail-slap misses mrsnowman's ghost.
Mrsnowman's ghost is moderately damaged.
Mrsnowman's ghost hits you.
You slash mrsnowman's ghost!
Mrsnowman's ghost is heavily damaged.
Mrsnowman's ghost hits you!
You closely miss mrsnowman's ghost.
Your tail-slap misses mrsnowman's ghost.
Mrsnowman's ghost is heavily damaged.
Mrsnowman's ghost hits you but does no damage.
Mrsnowman's ghost hits you.
You hit mrsnowman's ghost.
Your tail-slap misses mrsnowman's ghost.
Mrsnowman's ghost is severely damaged.
Mrsnowman's ghost closely misses you.
You closely miss mrsnowman's ghost.
Your tail-slap misses mrsnowman's ghost.
Mrsnowman's ghost is severely damaged.
Mrsnowman's ghost barely misses you.
You closely miss mrsnowman's ghost.
Mrsnowman's ghost is severely damaged.
Mrsnowman's ghost barely misses you.
You hit mrsnowman's ghost.
Mrsnowman's ghost is severely damaged.
Mrsnowman's ghost barely misses you.
You closely miss mrsnowman's ghost. You tail-slap mrsnowman's ghost.
Mrsnowman's ghost is severely damaged.
Mrsnowman's ghost hits you.
You barely miss mrsnowman's ghost.
Mrsnowman's ghost is severely damaged.
Mrsnowman's ghost hits you!
You hit mrsnowman's ghost but do no damage.
Mrsnowman's ghost is severely damaged.
Mrsnowman's ghost hits you!
* * * LOW HITPOINT WARNING * * *
Mrsnowman's ghost hits you!
You die...
Your body rises from the dead as a mindless zombie.

#.......# # ####+#####.# #
######## #.......##.# # .......#
######..##.###### [......#####
##### #..'........ .......'...#
##...## #..#####.### .......#####
#.._..# ########.# #
.......########...####......#.###
.......#...##...@...##.#.##.#....
.......#...##.#'W'#.##'#.##.#.###
.......#...##.#...#.##...##.#.# #
.......#...'..#$$(#..'........###
...........###########...........
##.)...#...###########......#####
###')'####..#.##..#....^.#.## #
###)..## #..#.##...###+#.#.# #
##.....###.....'...# #.###.######


You could see mrsnowman's ghost.

Vanquished Creatures
  3 jellies (D:3)
  3 gnolls (D:3)
  3 adders
  2 adder zombies (D:3)
  3 dart slugs (D:1)
  An orc (D:3)
  7 bats
  11 endoplasms
  A giant cockroach (D:1)
  4 goblins
  6 hobgoblins
  3 quokkas (D:1)
  2 ball pythons (D:3)
  5 frilled lizards
  10 kobolds
  2 rats
66 creatures vanquished.

Vanquished Creatures (others)
  12 fungi (D:3)
  7 toadstools (D:3)
19 creatures vanquished.

Grand Total: 85 creatures vanquished

Notes
Turn   | Place    | Note
-------+----------+-------------------------------------------
     0 | D:1      | KristoblXynda the Draconian Gladiator began the quest for
                  | the Orb.
     0 | D:1      | Reached XP level 1. HP: 17/17 MP: 1/1
   172 | D:1      | Reached XP level 2. HP: 25/25 MP: 2/2
   914 | D:1      | Reached XP level 3. HP: 29/30 MP: 3/3
  1366 | D:2      | Found a faded altar of an unknown god.
  1562 | D:3      | Found a transporter.
  1565 | D:3      | Noticed TimeIsEndless's ghost (amateur OgAM)
  1566 | D:3      | Found a transporter.
  2031 | D:3      | Reached XP level 4. HP: 38/38 MP: 4/4
  2139 | D:3      | Reached skill level 4 in Long Blades
  2578 | D:3      | Found a runed translucent gate.
  2578 | D:3      | Found a runed translucent gate.
  2578 | D:3      | Found a runed translucent gate.
  2578 | D:3      | Noticed mrsnowman's ghost (amateur DsFi)
  2581 | D:3      | Found a basalt altar of Yredelemnul.
  2962 | D:3      | Reached XP level 5. HP: 42/45 MP: 5/5
  3323 | D:3      | Became a worshipper of Yredelemnul the Dark
  3340 | D:3      | Slain by mrsnowman's ghost

Illustrated notes

Levels and vault maps discovered:
D:1:      elethiomel_arrival_shortcut, layout_basic
D:2:      layout_rooms, hellmonk_ecumenical_altar_prayer_group
D:3:      cheibrodos_fertilizer, layout_basic, nicolae_yredelemnul_ghost_church,
          gammafunk_ghost_arena

Skill      XL: |  1  2  3  4 |
---------------+-------------+-----
Throwing       | 2 |  2.0
Dodging        | 3 |  3.7
Fighting       | 3 |  3.7
Long Blades    | 4 |  4.9

Action                   |  1- 3 |  4- 6 || total
-------------------------+-------+-------++-------
Melee: Long sword        |   126 |    73 ||   199
       Tailslap          |    16 |     7 ||    23
  Use: Scroll            |     3 |       ||     3
 Stab: Sleeping          |     2 |       ||     2
Armor: Skin              |    65 |    16 ||    81
Dodge: Dodged            |   103 |    40 ||   143

Table legend: (Time is in decaauts)
 A = Elapsed time spent in this place.
 B = Non-inter-level travel time spent in this place.
 C = Inter-level travel time spent in this place.
 D = Time resting spent in this place.
 E = Time spent auto-exploring this place.
 F = Levels seen in this place.
 G = Mean time per level.
                   A        B        C        D        E       F      G
               +--------+--------+--------+--------+--------+-----+--------+
         Total |   3384 |   3350 |     34 |    623 |   2200 |   3 | 1128.0 |
       Dungeon |   3384 |   3350 |     34 |    623 |   2200 |   3 | 1128.0 |
               +--------+--------+--------+--------+--------+-----+--------+

Top non-repeatable levels by time:
     D:3: 1795 daAuts
     D:1: 1023 daAuts
     D:2: 564 daAuts
